 Seeded DCSS version 0.29-a0-542-g075992c915 (webtiles) character file.

Game seed: 9604906113238802953 (custom seed)

1564 zeratav the Geomancer (level 8, -1/46 HPs)
             Began as an Octopode Earth Elementalist on June 3, 2022.
             Slain by an orc warrior
             ... wielding a +2 vampiric short sword
              (10 damage)
             ... on level 6 of the Dungeon.
             The game lasted 00:08:09 (7094 turns).

zeratav the Geomancer (Octopode Earth Elementalist) Turns: 7094, Time: 00:08:10

Health: -1/46      AC:  5    Str: 10    XL:     8   Next: 89%
Magic:  0/17       EV: 13    Int: 25    God:
Gold:   379        SH:  0    Dex: 19    Spells: 10/19 levels left

rFire   . . .      SeeInvis .   p - +1 dagger (drain) {short}
rCold   . . .      Faith    .   (no shield)
rNeg    . . .      Spirit   +   (helmet restricted)
rPois   .          Reflect  .   u - amulet "Siputapn" {Spirit Will+ Str+3}
rElec   .          Harm     .   f - ring of resist corrosion
rCorr   +          Rampage  .   t - +6 ring of intelligence
Will    +....                   v - +4 ring of protection
Stlth   +++.......              x - +6 ring of dexterity
HPRegen 0.15/turn               (no ring)
MPRegen 0.15/turn               (no ring)
                                (no ring)
                                (no ring)

@: no status effects
A: almost no armour, amphibious, 8 rings, camouflage 1, gelatinous body 1,
(nimble swimmer 1), tentacles
a: no special abilities


You were on level 6 of the Dungeon.
You visited 1 branch of the dungeon, and saw 6 of its levels.

You collected 379 gold pieces.


Innate Abilities, Weirdness & Mutations

You cannot wear most types of armour.
You are amphibious.
You can wear up to eight rings at the same time.
Your skin changes colour to match your surroundings (Stealth+).
Your rubbery body absorbs attacks. (AC +1, EV +1)
((You are camouflaged when in or above water. (Stealth+)))
You have tentacles for arms and can constrict up to eight enemies at once.


   Skills:
 - Level 2.0 Dodging
 - Level 2.6 Stealth
 + Level 6.0 Spellcasting
 - Level 1.0 Transmutations
 * Level 9.4 Earth Magic


You had 10 spell levels left.
You knew the following spells:

 Your Spells              Type           Power      Damage    Failure   Level
a - Sandblast             Erth           100%       2d20      1%          1
b - Stone Arrow           Conj/Erth      62%        3d10      3%          3
c - Lee's Rapid Deconstr  Erth           26%        3d15*     4%          5

Your spell library contained the following spells:

 Spells                   Type           Power      Damage    Failure   Level
 Passwall                 Tmut/Erth      27%        N/A       1%          2
 Petrify                  Tmut/Erth      33%        N/A       9%          4
 Leda's Liquefaction      Hex/Erth       15%        N/A       11%         4
 Statue Form              Tmut/Erth      22%        N/A       80%         6
 Borgnjor's Revivificati  Necr           3%         N/A       100%        8
 Necromutation            Tmut/Necr      5%         N/A       100%        8
 Death's Door             Necr           3%         N/A       100%        9

Inventory:

Hand Weapons
 p - a +1 dagger of draining (weapon) {short}
   (You took it off a goblin on level 3 of the Dungeon)
 r - a +0 rapier {short}
   (You found it on level 4 of the Dungeon)
Missiles
 a - 77 stones {throwing}
Jewellery
 f - a ring of resist corrosion (left tentacle)
   (You found it on level 1 of the Dungeon)
 t - a +6 ring of intelligence (right tentacle)
   (You found it on level 4 of the Dungeon)
 u - the amulet "Siputapn" (around mantle) {Spirit Will+ Str+3}
   (You found it on level 5 of the Dungeon)

   [amulet of guardian spirit]

   It causes incoming damage to be divided between your reserves of health and
   magic.
   Str:       It affects your strength (+3).
   Will:      It increases your willpower.
 v - a +4 ring of protection (on tentacle)
   (You took it off a kobold on level 5 of the Dungeon)
 w - a ring of ice
   (You took it off a kobold on level 5 of the Dungeon)
 x - a +6 ring of dexterity (on tentacle)
   (You found it on level 5 of the Dungeon)
Wands
 q - a wand of mindburst (11)
   (You found it on level 4 of the Dungeon)
Scrolls
 d - 6 scrolls of fog {unknown}
 i - 4 scrolls of identify {unknown}
 k - a scroll of poison {unknown}
 l - 2 scrolls of fear {unknown}
 n - a scroll of blinking {unknown}
 o - 2 scrolls of magic mapping {unknown}
 y - a scroll of noise {unknown}
Potions
 b - a potion of magic
 c - a potion of haste {unknown}
 e - 2 potions of flight {unknown}
 g - 2 potions of heal wounds {unknown}
 h - a potion of attraction {unknown}
 j - 4 potions of curing {unknown}
 m - 2 potions of berserk rage {unknown}
 s - a potion of cancellation {unknown}
 z - a potion of mutation {unknown}

Dungeon Overview and Level Annotations

Branches:
Dungeon (6/15)
 Temple: D:4-7

Altars:
Cheibriados
Ru
Trog

Annotations:
D:3 2 transporters, grumblor's ghost, amateur VSFi

#............#.....
#............#.......
##########'###......
...................#
...................#
...................# ...
...................# ...
...................+ ....
.[..............@..# .....
.[..............o..#####...$.
....######'#########.......$.
....#.........oo...#.........
....#........o.....'...).....
....#..............#....o....
....#..............#.........
....#..............#.........
....#......".......#.........


You could see an orc warrior.


Message History

Confirm with . or Enter, or press ? or * to list all spells.
Aiming: Sandblast (safe; 1% risk of failure)
Press: ? - help, Shift-Dir - straight line, f/p - bullfrog
Aim: a bullfrog (almost dead, 80% to hit)
The blast of sand hits the bullfrog!!
You kill the bullfrog!
Your Spellcasting skill increases to level 6!
MP[-1]
You start resting.
HP[+7] MP[+8]
You regained 7 hp, and now have 41/46 hp.
Your mp is fully restored (17).
You start resting.
HP[+5]
Your hp is fully restored (46).
You start waiting.
Done waiting.
You climb downwards.
The orc closely misses you. The orc hits you with a +0 hand axe.
There is a stone staircase leading up, spattered with blood here.
HP[-1] MP[-1]
You take 1 damage, and now have 45/46 hp.
You lost 1 mp, and now have 16/17 mp.
The orc closely misses you. The orc hits you with a +0 hand axe.
You climb upwards.
There is a stone staircase leading down here.
HP[-1]
You take 1 damage, and now have 44/46 hp.
The blast of sand misses the orc.
The blast of sand hits the orc!!
You kill the orc!
The orc barely misses you.
HP[+1] MP[-1]
You lost 1 mp, and now have 15/17 mp.
The blast of sand hits the orc!
You kill the orc!
MP[-1]
You lost 1 mp, and now have 14/17 mp.
You can't see any susceptible monsters within range! (Use Z to cast anyway.)
You can't see any susceptible monsters within range! (Use Z to cast anyway.)
Things that are here:
a +0 hand axe {axe}; a +3 leather armour; an orc corpse HP[+1] MP[+3]
Your hp is fully restored (46).
Your mp is fully restored (17).
Done exploring.
There is a stone staircase leading down here.
You climb downwards.
The orc warrior hits you with a +2 vampiric short sword! x2
There is a stone staircase leading up, spattered with blood here.
HP[-15] MP[-6]
You take 15 damage, and now have 31/46 hp.
MASSIVE DAMAGE!! (PAUSE)
You lost 6 mp, and now have 11/17 mp.
You are too injured to fight recklessly!
You are too injured to fight recklessly!
You are too injured to fight recklessly!
Casting: Sandblast (safe; 1% risk of failure)
Confirm with . or Enter, or press ? or * to list all spells.
Aiming: Sandblast (safe; 1% risk of failure)
Press: ? - help, Shift-Dir - straight line, f - orc warrior
Aim: an orc warrior, wielding a +2 vampiric short sword and wearing a +0 plate armour (84% to hit)
The blast of sand hits the orc warrior.
The orc warrior hits you with a +2 vampiric short sword!
* * * LOW HITPOINT WARNING * * *
HP[-13] MP[-5]
You take 13 damage, and now have 18/46 hp.
MASSIVE DAMAGE!! (PAUSE)
You lost 5 mp, and now have 6/17 mp.
Casting: Sandblast (safe; 1% risk of failure)
Confirm with . or Enter, or press ? or * to list all spells.
Aiming: Sandblast (safe; 1% risk of failure)
Press: ? - help, Shift-Dir - straight line, f/p - orc warrior
Aim: an orc warrior, wielding a +2 vampiric short sword and wearing a +0 plate armour (lightly wounded, 84% to hit)
The blast of sand hits the orc warrior!
The orc warrior hits you with a +2 vampiric short sword!
* * * LOW HITPOINT WARNING * * *
HP[-7] MP[-3]
You take 7 damage, and now have 11/46 hp.
You lost 3 mp, and now have 3/17 mp.
Casting: Sandblast (safe; 1% risk of failure)
Confirm with . or Enter, or press ? or * to list all spells.
Aiming: Sandblast (safe; 1% risk of failure)
Press: ? - help, Shift-Dir - straight line, f/p - orc warrior
Aim: an orc warrior, wielding a +2 vampiric short sword and wearing a +0 plate armour (severely wounded, 84% to hit)
The blast of sand hits the orc warrior but does no damage.
The orc warrior hits you with a +2 vampiric short sword.
* * * LOW HITPOINT WARNING * * *
HP[-2] MP[-2]
You take 2 damage, and now have 9/46 hp.
You lost 2 mp, and now have 1/17 mp.
Casting: Sandblast (safe; 1% risk of failure)
Confirm with . or Enter, or press ? or * to list all spells.
You don't know that spell.
Casting: Sandblast (safe; 1% risk of failure)
Confirm with . or Enter, or press ? or * to list all spells.
Aiming: Sandblast (safe; 1% risk of failure)
Press: ? - help, Shift-Dir - straight line, f/p - orc warrior
Aim: an orc warrior, wielding a +2 vampiric short sword and wearing a +0 plate armour (severely wounded, 84% to hit)
The blast of sand hits the orc warrior!
The orc warrior hits you with a +2 vampiric short sword!
You die...

Skill      XL: |  1  2  3  4  5  6  7  8 |
---------------+-------------------------+-----
Earth Magic    | 4 5 6 7 9 |  9.4
Spellcasting   | 3 4 6 |  6.0
Dodging        | |  2.0
Stealth        | |  2.6
Transmutations | |  1.0

Action                   |  1- 3 |  4- 6 |  7- 9 || total
-------------------------+-------+-------+-------++-------
Melee: Unarmed           |    31 |       |       ||    31
       Constrict         |    13 |    14 |     5 ||    32
       Tentacles         |     8 |    10 |     5 ||    23
       Dagger            |    21 |    53 |    21 ||    95
       Punch             |       |     1 |       ||     1
 Cast: Sandblast         |    20 |    32 |    48 ||   100
       Stone Arrow       |       |       |     1 ||     1
 Stab: Sleeping          |     5 |     9 |     4 ||    18
Armor: Skin              |     5 |     4 |     4 ||    13
Dodge: Dodged            |    33 |    46 |    30 ||   109

Levels and vault maps discovered:
D:1:      giann_forest_graveyard, layout_basic
D:2:      layout_loops_ring, corexii_shack
D:3:      layout_loops_corners, chequers_ecumenical_altar_simple,
          gammafunk_ghost_smash, minmay_fractal_squares_diagonal_5
D:4:      layout_layer_cave, mainiacjoe_overflow_chevrons,
          mainiacjoe_overflow_two_lobes, uniq_menkaure, uniq_natasha
D:5:      layout_basic, serial_co_window_serial, co_window_cross_1,
          co_window_paths_a, co_window_corner_a, co_window_paths_b,
          co_window_of_opportunity_a, co_window_paths_b, co_window_paths_b,
          co_window_broadway_b, co_window_corner_b, co_window_2corner,
          co_window_of_opportunity_b, co_window_broadway_a,
          co_window_of_opportunity_b, glass_columns_b, glass_columns_a
D:6:      layout_gridville, uniq_blork_the_orc, uniq_pikel

Notes
Turn   | Place    | Note
-------+----------+-------------------------------------------
     0 | D:1      | zeratav the Octopode Earth Elementalist began the quest for
                  | the Orb.
     0 | D:1      | Reached XP level 1. HP: 11/11 MP: 3/3
     0 | D:1      | magus.rc [v1.9.6]
    35 | D:1      | You fall into a shaft and drop 1 floor!
   235 | D:1      | Reached XP level 2. HP: 15/17 MP: 5/5
  1376 | D:2      | Reached XP level 3. HP: 19/21 MP: 6/6
  1542 | D:2      | Reached skill level 4 in Earth Magic
  2022 | D:2      | Reached XP level 4. HP: 23/27 MP: 8/8
  2616 | D:3      | Reached skill level 3 in Spellcasting
  3007 | D:3      | Reached skill level 5 in Earth Magic
  3007 | D:3      | Reached XP level 5. HP: 20/31 MP: 3/9
  3267 | D:3      | Found a transporter.
  3267 | D:3      | Noticed an ogre
  3267 | D:3      | Noticed an ogre
  3267 | D:3      | Noticed grumblor's ghost (amateur VSFi)
  3288 | D:3      | Found a transporter.
  3385 | D:3      | You add the spells Borgnjor's Revivification, Necromutation
                  | and Death's Door to your library.
  3393 | D:3      | Found a faded altar of an unknown god.
  3605 | D:4      | Noticed Menkaure
  3609 | D:4      | Killed Menkaure
  3610 | D:4      | Reached XP level 6. HP: 36/36 MP: 6/11
  3813 | D:4      | Found a bloodstained altar of Trog.
  3974 | D:4      | Reached skill level 6 in Earth Magic
  4380 | D:4      | Noticed Natasha
  4385 | D:4      | Killed Natasha
  4587 | D:4      | Reached skill level 4 in Spellcasting
  4644 | D:4      | Reached XP level 7. HP: 35/41 MP: 9/13
  4797 | D:4      | Found a sacrificial altar of Ru.
  4840 | D:4      | Found a snail-covered altar of Cheibriados.
  5175 | D:5      | Entered Level 5 of the Dungeon
  5348 | D:5      | Reached skill level 7 in Earth Magic
  6028 | D:5      | Identified the amulet "Siputapn" {Spirit Will+ Str+3}
  6332 | D:5      | You pick up a book of the Earth and begin reading...
  6332 | D:5      | You add the spells Leda's Liquefaction, Lee's Rapid
                  | Deconstruction and Statue Form to your library.
  6339 | D:5      | Learned a level 5 spell: Lee's Rapid Deconstruction
  6343 | D:5      | Learned a level 3 spell: Stone Arrow
  6471 | D:5      | Reached XP level 8. HP: 46/46 MP: 13/15
  6505 | D:6      | Reached skill level 5 in Spellcasting
  6505 | D:6      | Reached skill level 8 in Earth Magic
  6764 | D:6      | Reached skill level 9 in Earth Magic
  6890 | D:5      | Reached skill level 6 in Spellcasting
  7092 | D:6      | HP: 11/46 [orc warrior/+2 vampiric short sword (7)]
  7094 | D:6      | Slain by an orc warrior

Vanquished Creatures
  3 steam dragons (D:6)
  Menkaure (D:4)
  An ogre (D:5)
  A phantom (D:4)
  A kobold brigand (D:5)
  3 bullfrogs
  3 scorpions
  5 hounds
  2 orc priests (D:6)
  An iguana (D:3)
  Natasha (D:4)
  An orc wizard (D:6)
  3 gnolls (D:3)
  6 adders
  A shadow imp (D:6)
  A worm (D:2)
  A dart slug (D:1)
  9 orcs
  5 ball pythons
  8 endoplasms
  4 giant cockroaches
  10 goblins
  8 hobgoblins
  11 kobolds
  2 quokkas
  7 bats
  A frilled lizard (D:1)
  10 rats
110 creatures vanquished.

Vanquished Creatures (others)
  A plant (D:2)
1 creature vanquished.

Grand Total: 111 creatures vanquished

Table legend:
 A = Non-vault XP
 B = Vault XP
 C = Vault XP percentage of total XP
 D = Non-vault monster count
 E = Vault monster count
 F = Vault count percentage of total count
                 A         B        C        D         E       F
            +---------+---------+-------+---------+---------+-------
      Total |    1997 |     238 |  10.6 |     101 |       9 |   8.2
            +---------+---------+-------+---------+---------+-------
        D:1 |      30 |       0 |   0.0 |      15 |       0 |   0.0
        D:2 |      72 |       2 |   2.7 |      21 |       1 |   4.5
        D:3 |      67 |      47 |  41.2 |      21 |       6 |  22.2
        D:4 |     298 |     189 |  38.8 |      12 |       2 |  14.3
        D:5 |     598 |       0 |   0.0 |      18 |       0 |   0.0
        D:6 |     932 |       0 |   0.0 |      14 |       0 |   0.0
            +---------+---------+-------+---------+---------+-------

Illustrated notes

Table legend:
 A = Kills in this place as a percentage of kills in entire the game.
 B = Kills by you in this place as a percentage of kills by you in the entire game.
 C = Kills by friends in this place as a percentage of kills by friends in the entire game.
 D = Other kills in this place as a percentage of other kills in the entire game.
 E = Experience gained in this place as a percentage of experience gained in the entire game.
 F = Experience gained in this place divided by the number of levels of this place that you have seen.
                   A       B       C       D       E      F
               +-------+-------+-------+-------+-------+----------------------
         Total | 100.0 | 100.0 |   N/A |   N/A | 100.0 | 372.5
       Dungeon | 100.0 | 100.0 |   N/A |   N/A | 100.0 | 372.5
               +-------+-------+-------+-------+-------+----------------------

Table legend: (Time is in decaauts)
 A = Elapsed time spent in this place.
 B = Non-inter-level travel time spent in this place.
 C = Inter-level travel time spent in this place.
 D = Time resting spent in this place.
 E = Time spent auto-exploring this place.
 F = Levels seen in this place.
 G = Mean time per level.
                   A        B        C        D        E       F      G
               +--------+--------+--------+--------+--------+-----+--------+
         Total |   7091 |   6938 |    153 |    529 |   5624 |   6 | 1181.8 |
       Dungeon |   7091 |   6938 |    153 |    529 |   5624 |   6 | 1181.8 |
               +--------+--------+--------+--------+--------+-----+--------+

Top non-repeatable levels by time:
     D:4: 1569 daAuts
     D:5: 1524 daAuts
     D:1: 1299 daAuts
     D:3: 1153 daAuts
     D:2: 1149 daAuts
     D:6: 394 daAuts
